 Dungeon Crawl Stone Soup version 0.28.0-43-g3370ac3207 (webtiles) character file.

Game seed: 17420308095895246205

49 Jerry the Chucker (level 3, -3/35 HPs)
             Began as a Troll Hunter on Mar 9, 2022.
             Succumbed to Sigmund's poison
             ... on level 2 of the Dungeon.
             The game lasted 00:03:42 (1670 turns).

Jerry the Chucker (Troll Hunter)                    Turns: 1670, Time: 00:03:42

Health: -3/35      AC:  4    Str: 20    XL:     3   Next: 51%
Magic:  2/2        EV: 10    Int:  7    God:
Gold:   85         SH:  0    Dex: 12    Spells: 2/2 levels left

rFire   . . .      SeeInvis .   a - +3 whip
rCold   . . .      Faith    .   (no shield)
rNeg    . . .      Spirit   .   b - +0 robe
rPois   .          Reflect  .   (helmet restricted)
rElec   .          Harm     .   (no cloak)
rCorr   .          Rampage  .   (gloves unavailable)
Will    .....                   (boots unavailable)
Stlth   +.........              (no amulet)
HPRegen 0.91/turn               (no ring)
MPRegen 0.08/turn               (no ring)

@: lethally poisoned (-3 -> -12)
A: large, unfitting armour, claws 3, regeneration 1, shaggy fur 1, tough skin 1
a: no special abilities


You were on level 2 of the Dungeon.
You visited 1 branch of the dungeon, and saw 2 of its levels.

You collected 85 gold pieces.

Inventory:

Hand Weapons
 a - a +3 whip (weapon)
 f - a +0 mace of protection
Missiles
 c - 2 large rocks (quivered)
 d - 2 throwing nets
Armour
 b - a +0 robe (worn)
Scrolls
 e - 4 scrolls of identify
 g - a scroll of amnesia {unknown}
 h - a scroll of teleportation {unknown}
 i - a scroll of blinking {unknown}
 j - a scroll of holy word {unknown}
 k - 3 scrolls of noise {unknown}
 l - a scroll of magic mapping {unknown}


   Skills:
 + Level 2.1 Fighting
 * Level 1.1 Maces & Flails
 + Level 3.9 Throwing
 + Level 2.1 Dodging
 - Level 0.3 Stealth


You had 2 spell levels left.
You didn't know any spells.
Your spell library was empty.

Dungeon Overview and Level Annotations

Branches:
Dungeon (2/15)

Altars:
Yredelemnul

Annotations:
D:2 1 runed translucent door, Crazy Yiuf, Sigmund


Innate Abilities, Weirdness & Mutations

You are too large for most types of armour.
You have claws for hands.
Your natural rate of healing is unusually fast.
You are covered in fur. (AC +1)
You have tough skin. (AC +1)


Message History

Sigmund closely misses you.
You bump into the rock wall.
You bump into the rock wall.
You feel less confused.
Sigmund hits you with a +3 scythe of venom!
You are poisoned.
You hit Sigmund.
Sigmund is moderately wounded.
You feel very sick.
Sigmund hits you with a +3 scythe of venom.
You are more poisoned.
You hit Sigmund.
Sigmund is heavily wounded.
You feel very sick.
You barely miss Sigmund.
Sigmund is heavily wounded.
You feel very sick.
Sigmund hits you with a +3 scythe of venom.
* * * LOW HITPOINT WARNING * * *
You are lethally poisoned!
You barely miss Sigmund.
Sigmund is heavily wounded.
* * * LOW HITPOINT WARNING * * *
You feel very sick.
Sigmund hits you with a +3 scythe of venom.
* * * LOW HITPOINT WARNING * * *
You are more poisoned.
Unknown command.
Unknown command.
Unknown command.
Unknown command.
Unknown command.
You closely miss Sigmund.
Sigmund is heavily wounded.
* * * LOW HITPOINT WARNING * * *
You feel very sick. Sigmund closely misses you.
You hit Sigmund.
Sigmund is severely wounded.
You die...

#.##.##.# #.##.#
#.##.##.# #..#.#
#....##.###..#.#
#..........#.#.#
##
#.......#.##.#.###
(.
#.......#.##)#.#..
#.
#[........##......
(.
#<......##÷.......
#.
#@......##########
#(####@......#
####.#.......####
#.......####.####
###
#.##.#..####....#
#)..#♣♣
#......##..###
#...+.♣♣
###..#.......#
#...#♣..
###..####..#.# ###
♣♣♣ ...........###
♣


You could see Sigmund.

Vanquished Creatures
  A dart slug (D:1)
  3 endoplasms
  6 hobgoblins
  10 jackals
  A quokka (D:2)
  4 ball pythons
  4 bats
  5 frilled lizards
  3 goblins
  4 kobolds
  2 rats
43 creatures vanquished.

Vanquished Creatures (others)
  2 fungi (D:2)
2 creatures vanquished.

Grand Total: 45 creatures vanquished

Notes
Turn   | Place    | Note
-------+----------+-------------------------------------------
     0 | D:1      | Jerry the Troll Hunter began the quest for the Orb.
     0 | D:1      | Reached XP level 1. HP: 19/19 MP: 0/0
   133 | D:1      | Reached XP level 2. HP: 28/28 MP: 1/1
   837 | D:2      | Found a basalt altar of Yredelemnul.
   847 | D:2      | Reached XP level 3. HP: 31/35 MP: 2/2
   971 | D:2      | Reached skill level 1 in Maces & Flails
  1142 | D:2      | Noticed Sigmund
  1228 | D:2      | Found a runed translucent door.
  1229 | D:2      | Noticed Crazy Yiuf
  1288 | D:2      | Found a faded altar of an unknown god.
  1669 | D:2      | HP: 1/35 [poisoned by Sigmund]
  1670 | D:2      | Succumbed to Sigmund's poison

Illustrated notes

Levels and vault maps discovered:
D:1:      amcnicky_arrival_flooded_fountain, layout_loops_ring,
          bh_walls_and_bars
D:2:      layout_loops_cross, basic_altar, shapermc_ecumenical_altar_petra,
          uniq_sigmund, uniq_crazy_yiuf_cottage, uniq_natasha

Skill      XL: |  1  2  3 |
---------------+----------+-----
Fighting       | 2 |  2.1
Dodging        | 2 |  2.1
Maces & Flails | 1 |  1.1
Throwing       | |  3.9
Stealth        | |  0.3

Action                   || total
-------------------------++-------
Melee: Short sword       ||    20
       Punch             ||     2
       Whip              ||    98
       Mace              ||     7
Throw: Large rock        ||     3
  Use: Scroll            ||     1
 Stab: Distracted        ||     1
       Sleeping          ||     1
Armor: Robe              ||    52
Dodge: Dodged            ||    84
